 Dungeon Crawl Stone Soup version 0.30.0-20-g3615ddf2f0 (webtiles) character file.

Game seed: 11231689091530515052

2377 qw the Cleaver (level 9, -10/56 HPs)
             Began as a Gargoyle Fighter on May 29, 2023.
             Was an Initiate of Okawaru.
             Mangled by a vampire (11 damage)
             ... on level 6 of the Dungeon.
             The game lasted 00:03:35 (6087 turns).

qw the Cleaver (Gargoyle Fighter)                   Turns: 6087, Time: 00:03:36

Health: -10/56     AC: 15    Str: 20    XL:     9   Next: 45%
Magic:  9/9        EV:  9    Int:  9    God:    Okawaru [......]
Gold:   452        SH:  5    Dex: 13    Spells: 8/8 levels left

rFire   + . .        Y - +1 war axe
rCold   . . .        c - +0 buckler
rNeg    + . .        s - +0 chain mail
rPois   inf          (no helmet)
rElec   +            (no cloak)
rCorr   .            (no gloves)
SInv    +            (no boots)
Will    .....        (no amulet) Stlth
                     e - ring of see invisible
HPRegen 0.29/turn    u - ring of protection from fire
MPRegen 0.11/turn

%: no passive effects
@: no status effects
A: sickness immunity, AC +6, negative energy resistance 1, electricity
resistance, torment resistance 1, petrification resistance, agile 1, sense
surroundings 1, screaming 1, weak 1
a: Renounce Religion


You were on level 6 of the Dungeon.
You worshipped Okawaru.
Okawaru was noncommittal.
You visited 2 branches of the dungeon, and saw 7 of its levels.
You also visited: Sewer.

You collected 452 gold pieces.


Innate Abilities, Weirdness & Mutations

You are immune to sickness and miasma.
Your stone body is resilient. (AC +6)
You are immune to poison.
You resist negative energy. (rN+)
You are resistant to electric shocks. (rElec)
You are resistant to unholy torment.
You are immune to petrification.
You are agile. (Dex +4, Str/Int -1)
You passively map a small area around you.
You occasionally shout uncontrollably at your foes.
You are weak. (Str -2)


   Skills:
 + Level 6.7 Fighting
 - Level 9.0 Axes
 - Level 2.0 Throwing
 - Level 4.2 Armour
 - Level 3.1 Dodging
 - Level 4.1 Shields


You had 8 spell levels left.
You didn't know any spells.
Your spell library was empty.

Inventory:

Hand Weapons
 j - a +1 flail of protection
 k - a +0 hand axe of holy wrath
 Y - a +1 war axe (weapon)
Armour
 c - a +0 buckler (worn)
 h - a +2 robe of resistance
 s - a +0 chain mail (worn)
Jewellery
 e - a ring of see invisible (left hand)
 m - a ring of see invisible
 t - a +6 ring of dexterity
 u - a ring of protection from fire (right hand)
Scrolls
 i - 3 scrolls of identify
 n - 2 scrolls of enchant armour
Potions
 a - a potion of attraction
 b - a potion of cancellation {unknown}
 d - 2 potions of might
 f - a potion of resistance {unknown}
 g - a potion of mutation
 l - 2 potions of curing
 o - a potion of ambrosia {unknown}
 p - a potion of haste {unknown}
 r - a potion of lignification
 w - a potion of flight {unknown}
 z - a potion of heal wounds {unknown}

Dungeon Overview and Level Annotations

Branches:
Dungeon (6/15)             Temple (1/1) D:5           Sewer (visited)

Altars:
Ashenzari
Cheibriados
Dithmenos
Elyvilon
Fedhas
Gozag
Hepliaklqana
Kikubaaqudgha
Makhleb
Nemelex Xobeh
Okawaru
Qazlal
Ru
Sif Muna
Trog
Uskayaw
Vehumet
Wu Jian
Xom
Yredelemnul
Zin
The Shining One


Message History

You kill the sky beast!
Okawaru accepts your kill.
You closely miss the vampire. The vampire closely misses you.
The vampire barely misses you.
The vampire hits you but does no damage.
The vampire bites you but does no damage.
You block the iguana's attack.
You hit the vampire but do no damage.
The vampire is moderately damaged.
You closely miss the iguana. The iguana closely misses you.
The vampire hits you! The vampire barely misses you.
You slash the vampire!
The vampire is heavily damaged.
You hit the iguana.
The iguana hisses menacingly.
The iguana bites you!
The vampire hits you but does no damage.
The vampire closely misses you.
You closely miss the vampire.
The vampire is heavily damaged.
You hit the iguana but do no damage.
The vampire gestures wildly while chanting.
The vampire flickers and vanishes for a moment.
The iguana bites you but does no damage.
You hit the vampire.
The vampire is severely damaged.
You barely miss the iguana. The iguana bites you. The vampire hits you!
The vampire bites you.
You hit the vampire.
The vampire is severely damaged.
You hit the iguana but do no damage.
The iguana bites you but does no damage.
The vampire hits you. The vampire barely misses you.
You closely miss the vampire.
The vampire is severely damaged.
You hit the iguana.
The iguana bites you but does no damage.
The vampire barely misses you. The vampire bites you!
You die...

####* * .... ...#.*
#...# , #...# #####
*# ,** * #..S #... ,
,. , #.V#########.##
*# ,
#l@..........######
, , *
#h#.###.............
, * #(,#.#
#.####..###### #.
#(# #.# #..# # *
#:***.)# #.# #..# #
#. #.###.# #..# # *
, . #.##... #..# # *
, #......###.##### #
* , #...........# #


You could see a vampire (invisible), a water moccasin, an iguana and a hound.

Vanquished Creatures
  Grinder (D:3)
  Sigmund (D:2)
  Menkaure (D:4)
  Duvessa (D:5)
  A sky beast (D:6)
  Pargi (D:3)
  A black bear (D:4)
  3 ogres
  3 scorpions
  4 bullfrogs
  Blork the orc (D:6)
  Dowan (D:5)
  A howler monkey (D:6)
  A jelly (D:5)
  2 hounds
  An orc priest (D:3)
  A gnoll bouda (D:4)
  4 iguanas
  2 sleepcaps (D:5)
  An orc wizard (D:5)
  8 gnolls
  11 adders
  A shadow imp (D:5)
  A white imp (D:6)
  3 worms
  4 dart slugs
  14 orcs
  15 endoplasms
  14 giant cockroaches
  9 goblins
  9 hobgoblins
  3 jackals (D:2)
  9 quokkas
  16 ball pythons
  4 bats
  10 frilled lizards
  4 kobolds
  5 rats
172 creatures vanquished.

Notes
Turn   | Place    | Note
-------+----------+-------------------------------------------
     0 | D:1      | qw the Gargoyle Fighter began the quest for the Orb.
     0 | D:1      | Reached XP level 1. HP: 14/14 MP: 1/1
     0 | D:1      | 0 ||| qw: Version: 0.2-a-101-gf424e7f
     0 | D:1      | 0 ||| qw: Game counter: 328
     0 | D:1      | 0 ||| qw: Always use a shield: true
     0 | D:1      | 0 ||| qw: God list: Okawaru
     0 | D:1      | 0 ||| qw: Allow faded altars: false
     0 | D:1      | 0 ||| qw: Do Orc after D:15 true
     0 | D:1      | 0 ||| qw: Do second Lair branch before Depths: true
     0 | D:1      | 0 ||| qw: Lair rune preference: random
     0 | D:1      | 0 ||| qw: Plans: Normal, Zot:1-4, Slime:5, God:TSO, Crypt,
                  | Tomb, Pan, Hells, Abyss, Win
     0 | D:1      | 0 ||| PLANNING D:1-11
    13 | D:1      | HP: 1/14 [frozen (5)]
    15 | D:1      | Reached skill level 2 in Axes
    19 | D:1      | Reached XP level 2. HP: 4/19 MP: 2/2
   163 | D:1      | 163 ||| Stepping ~*~*~tactically~*~*~ (stealth).
   213 | D:1      | 213 ||| Stepping ~*~*~tactically~*~*~ (stealth).
   287 | D:1      | Reached skill level 3 in Axes
   309 | D:1      | Reached XP level 3. HP: 23/23 MP: 3/3
   398 | D:1      | 398 ||| DROPPING +0 club.
   797 | D:1      | 797 ||| UPGRADING to ring of see invisible.
   798 | D:1      | 798 ||| READING scroll labelled NOPHOCL YRHUBB.
   799 | D:1      | 799 ||| READING scroll labelled ARIUNT BUPORESK.
   800 | D:1      | 800 ||| READING scroll labelled ESTRIA XAPPINWE.
   832 | D:2      | Reached skill level 1 in Throwing
   886 | D:2      | Noticed Sigmund
   903 | D:2      | Killed Sigmund
   904 | D:2      | Reached skill level 5 in Axes
   904 | D:2      | Reached XP level 4. HP: 22/28 MP: 4/4
   904 | D:2      | Reached XP level 5. HP: 26/32 MP: 5/5
   969 | D:2      | 969 ||| Stepping ~*~*~tactically~*~*~ (hiding).
  1342 | D:2      | 1342 ||| Stepping ~*~*~tactically~*~*~ (stealth).
  1483 | D:2      | Reached XP level 6. HP: 38/38 MP: 6/6
  1602 | D:2      | 1602 ||| UPGRADING to +6 ring of dexterity.
  1603 | D:2      | 1603 ||| READING scroll labelled BIRAHI WEESM.
  1604 | D:2      | 1604 ||| READING scroll labelled OWEPNIWOKI.
  1730 | D:3      | 1730 ||| Stepping ~*~*~tactically~*~*~ (hiding).
  1731 | D:3      | 1731 ||| Stepping ~*~*~tactically~*~*~ (hiding).
  1770 | D:3      | Noticed Grinder
  1771 | D:3      | 1771 ||| Stepping ~*~*~tactically~*~*~ (hiding).
  1782 | D:3      | Paralysed by Grinder for 5 turns
  1793 | D:3      | Paralysed by Grinder for 3 turns
  1799 | D:3      | Killed Grinder
  1800 | D:3      | Reached skill level 3 in Dodging
  1800 | D:3      | Reached XP level 7. HP: 28/42 MP: 7/7
  1896 | D:3      | 1896 ||| Stepping ~*~*~tactically~*~*~ (stealth).
  1897 | D:3      | 1897 ||| Stepping ~*~*~tactically~*~*~ (stealth).
  1898 | D:3      | 1898 ||| Stepping ~*~*~tactically~*~*~ (stealth).
  1974 | D:3      | Noticed Pargi
  1984 | D:3      | Killed Pargi
  2215 | D:3      | 2215 ||| Stepping ~*~*~tactically~*~*~ (stealth).
  2217 | D:3      | 2217 ||| Stepping ~*~*~tactically~*~*~ (stealth).
  2218 | D:3      | 2218 ||| Stepping ~*~*~tactically~*~*~ (stealth).
  2296 | D:3      | 2296 ||| DROPPING +0 whip.
  2581 | D:3      | 2581 ||| DROPPING +2 robe of cold resistance.
  2582 | D:3      | 2582 ||| UPGRADING to +0 chain mail.
  2592 | D:3      | 2592 ||| DROPPING +0 scale mail.
  2593 | D:3      | 2593 ||| READING scroll labelled RIESIM TYOJE.
  2594 | D:3      | 2594 ||| READING scroll labelled IJEAT ISUECK.
  2595 | D:3      | 2595 ||| DRINKING 3 white potions.
  2596 | D:3      | 2596 ||| DRINKING 2 viscous yellow potions.
  2745 | D:4      | 2745 ||| PLANNING SEWER
  2782 | D:4      | Reached skill level 6 in Axes
  2812 | D:4      | Noticed Menkaure
  2818 | D:4      | Killed Menkaure
  2819 | D:4      | Reached XP level 8. HP: 38/48 MP: 8/8
  2875 | D:4      | Found a glowing drain.
  2881 | D:4      | 2881 ||| Stepping ~*~*~tactically~*~*~ (stealth).
  2885 | D:4      | 2885 ||| Stepping ~*~*~tactically~*~*~ (stealth).
  2887 | D:4      | 2887 ||| Stepping ~*~*~tactically~*~*~ (water).
  2899 | Sewer    | Entered a sewer
  2933 | Sewer    | 2933 ||| Stepping ~*~*~tactically~*~*~ (water).
  2962 | Sewer    | Reached skill level 7 in Axes
  3107 | Sewer    | 3107 ||| Stepping ~*~*~tactically~*~*~ (water).
  3222 | Sewer    | 3222 ||| Stepping ~*~*~tactically~*~*~ (stealth).
  3238 | Sewer    | 3238 ||| Stepping ~*~*~tactically~*~*~ (stealth).
  3239 | Sewer    | 3239 ||| FLEEEEING.
  3265 | Sewer    | 3265 ||| Stepping ~*~*~tactically~*~*~ (water).
  3302 | Sewer    | 3302 ||| READING 2 scrolls labelled ROWASHR JAADAAL.
  3306 | Sewer    | 3306 ||| DRINKING 2 metallic inky potions.
  3411 | Sewer    | 3411 ||| DROPPING potion of berserk rage.
  3423 | D:4      | 3423 ||| PLANNING D:1-11
  3595 | D:4      | Found a blossoming altar of Fedhas.
  3630 | D:4      | 3630 ||| FLEEEEING.
  3631 | D:4      | 3631 ||| FLEEEEING.
  3632 | D:4      | 3632 ||| FLEEEEING.
  3633 | D:4      | 3633 ||| FLEEEEING.
  3634 | D:4      | 3634 ||| FLEEEEING.
  3635 | D:4      | 3635 ||| FLEEEEING.
  3636 | D:4      | 3636 ||| FLEEEEING.
  3637 | D:4      | 3637 ||| Stepping ~*~*~tactically~*~*~ (hiding).
  3825 | D:4      | 3825 ||| Stepping ~*~*~tactically~*~*~ (stealth).
  3826 | D:4      | 3826 ||| Stepping ~*~*~tactically~*~*~ (stealth).
  3827 | D:4      | 3827 ||| Stepping ~*~*~tactically~*~*~ (stealth).
  4005 | D:4      | 4005 ||| READING scroll labelled YMIEDD CILIU.
  4006 | D:4      | 4006 ||| READING scroll labelled BUSMESKUSK.
  4007 | D:4      | 4007 ||| READING scroll labelled QUCYAKOASCH.
  4008 | D:4      | 4008 ||| DRINKING 2 bubbling sapphire potions.
  4008 | D:4      | Gained mutation: You are weak. (Str -2) [potion of
                  | mutation]
  4008 | D:4      | Gained mutation: You passively map a small area around you.
                  | [potion of mutation]
  4008 | D:4      | Gained mutation: You occasionally shout uncontrollably at
                  | your foes. [potion of mutation]
  4008 | D:4      | Gained mutation: You are agile. (Dex +4, Str/Int -1)
                  | [potion of mutation]
  4015 | D:5      | Entered Level 5 of the Dungeon
  4041 | D:5      | Found a sparkling altar of Nemelex Xobeh.
  4131 | D:5      | HP: 10/49 [scorpion (4)]
  4132 | D:5      | 4132 ||| READING scroll of teleportation.
  4134 | D:5      | Reached skill level 8 in Axes
  4135 | D:5      | HP: 4/49 [scorpion (3)]
  4429 | D:5      | 4429 ||| Stepping ~*~*~tactically~*~*~ (stealth).
  4463 | D:5      | 4463 ||| READING scroll labelled VUAC CEORIA.
  4464 | D:5      | 4464 ||| DRINKING 2 smoky red potions.
  4465 | D:5      | 4465 ||| DROPPING potion of invisibility.
  4471 | D:5      | 4471 ||| Stepping ~*~*~tactically~*~*~ (stealth).
  4473 | D:5      | 4473 ||| Stepping ~*~*~tactically~*~*~ (stealth).
  4638 | D:5      | Reached skill level 6 in Fighting
  4788 | D:5      | 4788 ||| STAIRDANCE
  4862 | D:5      | Reached XP level 9. HP: 55/55 MP: 9/9
  4941 | D:5      | 4941 ||| Stepping ~*~*~tactically~*~*~ (stealth).
  4954 | D:4      | Found a stormy altar of Qazlal.
  4954 | D:4      | Found a broken altar of Ashenzari.
  4954 | D:4      | Found a hide-covered altar of Uskayaw.
  4958 | D:4      | Found a bloodstained altar of Trog.
  4989 | D:5      | Noticed Duvessa
  5000 | D:5      | Noticed Dowan
  5001 | D:5      | Killed Duvessa
  5014 | D:5      | Killed Dowan
  5026 | D:5      | 5026 ||| Stepping ~*~*~tactically~*~*~ (stealth).
  5050 | D:5      | 5050 ||| FLEEEEING.
  5060 | D:5      | 5060 ||| FLEEEEING.
  5063 | D:5      | 5063 ||| FLEEEEING.
  5064 | D:5      | 5064 ||| FLEEEEING.
  5065 | D:5      | 5065 ||| FLEEEEING.
  5066 | D:5      | 5066 ||| FLEEEEING.
  5067 | D:5      | 5067 ||| FLEEEEING.
  5068 | D:5      | 5068 ||| FLEEEEING.
  5069 | D:5      | 5069 ||| FLEEEEING.
  5070 | D:5      | 5070 ||| FLEEEEING.
  5071 | D:5      | 5071 ||| FLEEEEING.
  5072 | D:5      | 5072 ||| FLEEEEING.
  5073 | D:5      | 5073 ||| FLEEEEING.
  5074 | D:5      | 5074 ||| FLEEEEING.
  5075 | D:5      | 5075 ||| FLEEEEING.
  5076 | D:5      | 5076 ||| FLEEEEING.
  5077 | D:5      | 5077 ||| FLEEEEING.
  5078 | D:5      | 5078 ||| FLEEEEING.
  5079 | D:5      | 5079 ||| FLEEEEING.
  5080 | D:5      | 5080 ||| FLEEEEING.
  5081 | D:5      | 5081 ||| FLEEEEING.
  5086 | D:5      | 5086 ||| Stepping ~*~*~tactically~*~*~ (hiding).
  5087 | D:5      | 5087 ||| Stepping ~*~*~tactically~*~*~ (hiding).
  5105 | D:5      | 5105 ||| FLEEEEING.
  5106 | D:5      | 5106 ||| FLEEEEING.
  5107 | D:5      | 5107 ||| FLEEEEING.
  5111 | D:5      | 5111 ||| FLEEEEING.
  5112 | D:5      | 5112 ||| FLEEEEING.
  5113 | D:5      | 5113 ||| FLEEEEING.
  5125 | D:5      | 5125 ||| FLEEEEING.
  5126 | D:5      | 5126 ||| FLEEEEING.
  5128 | D:5      | 5128 ||| FLEEEEING.
  5134 | D:5      | Reached skill level 9 in Axes
  5147 | D:5      | 5147 ||| DROPPING +0 flail.
  5323 | D:5      | Found a staircase to the Ecumenical Temple.
  5324 | D:5      | 5324 ||| PLANNING TEMPLE
  5324 | D:5      | 5324 ||| DRINKING 2 silvery potions.
  5333 | Temple   | Entered the Ecumenical Temple
  5336 | Temple   | 5336 ||| PLANNING OKAWARU WORSHIP
  5479 | Temple   | Became a worshipper of Warmaster Okawaru
  5479 | Temple   | 5479 ||| PLANNING D:1-11
  5564 | D:5      | 5564 ||| UPGRADING to ring of protection from fire.
  5566 | D:5      | 5566 ||| READING scroll labelled TUAZATASIA.
  5625 | D:6      | Noticed Blork the orc
  5632 | D:6      | Killed Blork the orc
  5768 | D:6      | 5768 ||| Stepping ~*~*~tactically~*~*~ (stealth).
  6078 | D:6      | 6078 ||| DRINKING 3 potions of curing.
  6078 | D:6      | 6078 ||| (to cure confusion)
  6085 | D:6      | HP: 14/56 [iguana (4)]
  6085 | D:6      | HP: 4/56 [vampire (10)]
  6086 | D:6      | HP: 1/56 [vampire (2)]
  6087 | D:6      | Mangled by a vampire

Levels and vault maps discovered:
D:1:      eino_arrival_cavern_d, layout_basic, minmay_small_reverse_x
D:2:      layout_loops_cross, uniq_sigmund
D:3:      layout_basic, uniq_pargi, uniq_grinder
D:4:      layout_rooms, nicolae_overflow_hidden_temple,
          cheibrodos_sewer_entry_sluice, uniq_menkaure
D:5:      lemuel_ice_spiral_2, layout_basic, nemelex_spade_bored_becter,
          minmay_temple_entry_grid, uniq_duvessa
D:6:      layout_loops_ring, minmay_manual_mail, uniq_blork_the_orc
Temple:   nicolae_temple_bog_church

Skill      XL: |  1  2  3  4  5  6  7  8  9 |
---------------+----------------------------+-----
Axes           | 2 3 5 6 8 9 |  9.0
Throwing       | 1 2 |  2.0
Dodging        | 3 |  3.1
Fighting       | 4 6 |  6.7
Shields        | 4 |  4.1
Armour         | 4 |  4.2

Action                     |  1- 3 |  4- 6 |  7- 9 || total
---------------------------+-------+-------+-------++-------
  Melee: War axe           |    64 |    62 |   365 ||   491
  Throw: Javelin           |    10 |    10 |    62 ||    82
         Boomerang         |       |       |    88 ||    88
    Use: Scroll            |     3 |     2 |     9 ||    14
         Potion            |       |       |     7 ||     7
   Stab: Invisible         |       |       |     1 ||     1
 Armour: Scale mail        |    21 |    38 |    27 ||    86
         Chain mail        |       |       |   164 ||   164
  Dodge: Dodged            |    22 |    33 |   147 ||   202
  Block: Buckler           |    11 |     8 |    78 ||    97

Table legend:
 A = Non-vault XP
 B = Vault XP
 C = Vault XP percentage of total XP
 D = Non-vault monster count
 E = Vault monster count
 F = Vault count percentage of total count
                 A         B        C        D         E       F
            +---------+---------+-------+---------+---------+-------
      Total |    1824 |    1572 |  46.3 |     120 |      52 |  30.2
            +---------+---------+-------+---------+---------+-------
        D:1 |      38 |       9 |  19.1 |      22 |       4 |  15.4
        D:2 |      58 |     214 |  78.7 |      23 |       1 |   4.2
        D:3 |      80 |     434 |  84.4 |      20 |       2 |   9.1
        D:4 |     550 |     180 |  24.7 |      20 |       4 |  16.7
        D:5 |     769 |     216 |  21.9 |      28 |       2 |   6.7
        D:6 |     329 |     226 |  40.7 |       7 |       2 |  22.2
      Sewer |       0 |     293 | 100.0 |       0 |      37 | 100.0
            +---------+---------+-------+---------+---------+-------
